 Dungeon Crawl Stone Soup version 0.24.0-13-gcf9b319 (webtiles) character file.

Game seed: 10351909904418458338, levelgen mode: deterministic

952 Bronimir the Ruffian (level 7, -10/66 HPs)
             Began as a Troll Earth Elementalist on Mar 19, 2020.
             Was an Initiate of Ru.
             Mangled by an orc warrior
             ... wielding a +2 scimitar of electrocution
              (18 damage)
             ... on level 5 of the Dungeon.
             The game lasted 00:10:49 (4258 turns).

Bronimir the Ruffian (Troll Earth Elementalist)     Turns: 4258, Time: 00:10:50

Health: -10/66     AC:  8    Str: 19    XL:     7   Next: 90%
Magic:  0/8        EV: 11    Int: 11    God:    Ru [......]
Gold:   65         SH:  0    Dex: 10    Spells: 2/9 levels left

rFire    + . .     SeeInvis .   b - +4 dire flail (protect)
rCold    . . .     Gourm    +   (shield currently unavailable)
rNeg     . . .     Faith    .   G - +2 robe of the Beekeeper {+Blink rPois rF+}
rPois    +         Spirit   +   (helmet restricted)
rElec    .         Reflect  .   s - scarf {Spirit}
rCorr    .         Harm     .   (gloves unavailable)
MR       .....                  (boots unavailable)
Stlth    +.........             (no amulet)
HPRegen  0.61/turn              (no ring)
MPRegen  0.11/turn              (no ring)

@: no status effects
A: large, unfitting armour, claws 3, fast metabolism 3, gourmand, regeneration
1, shaggy fur 1, tough skin 3
a: Renounce Religion, Evoke Blink


You were on level 5 of the Dungeon.
You worshipped Ru.
Ru was noncommittal.
You were full.

You visited 2 branches of the dungeon, and saw 7 of its levels.

You collected 190 gold pieces.
You spent 125 gold pieces at shops.

Inventory:

Hand Weapons
 b - a +4 dire flail of protection (weapon)
 g - a +0 club
 w - a +0 mace
 y - a +2 mace of protection
 D - a +0 war axe
 H - a +0 giant spiked club
Missiles
 a - 75 bolts
 j - 22 boomerangs (quivered)
 n - 16 sling bullets
 C - 147 stones
 J - 18 poisoned darts
 K - 17 arrows
Armour
 c - a +0 robe
 s - a scarf of spirit shield (worn)
 B - a +0 shield
 G - the +2 robe of the Beekeeper (worn) {+Blink rPois rF+}
   (You bought it in a shop on level 5 of the Dungeon)

   It protects you from fire.
   It protects you from poison.
   It lets you blink.
Jewellery
 I - a +5 ring of strength {unknown}
 M - an uncursed ring of stealth {unknown}
Wands
 F - a wand of random effects (12)
Scrolls
 h - a scroll of enchant weapon {unknown}
 i - 3 scrolls of magic mapping {unknown}
 k - 2 scrolls of teleportation {unknown}
 m - 6 scrolls of amnesia {unknown}
 r - 5 scrolls of identify {unknown}
 u - 2 scrolls of blinking {unknown}
 v - 4 scrolls of remove curse {unknown}
 x - a scroll of enchant armour {unknown}
 E - 2 scrolls of fear {unknown}
 L - a scroll of summoning {unknown}
Potions
 e - 2 potions of resistance {unknown}
 f - a potion of agility {unknown}
 l - 4 potions of curing {unknown}
 o - a potion of degeneration {unknown}
 p - 2 potions of might {unknown}
 q - 4 potions of haste {unknown}
 t - a potion of heal wounds
 z - 2 potions of lignification {unknown}
 A - a potion of magic {unknown}
Comestibles
 d - 10 rations


   Skills:
 * Level 2.3 Fighting
 * Level 1.7 Maces & Flails
 * Level 3.9 Dodging
 - Level 1.0 Stealth
 + Level 4.8 Unarmed Combat
 + Level 1.9 Spellcasting
 - Level 0.6 Transmutations
 * Level 4.4 Earth Magic


You had 2 spell levels left.
You knew the following spells:

 Your Spells              Type           Power        Failure   Level  Hunger
a - Sandblast             Erth           ##....       4%          1    ##.....
b - Passwall              Tmut/Erth      #.......     16%         2    ###....
c - Petrify               Tmut/Erth      #.......     71%         4    #####..

Your spell library contained the following spells:

 Spells                   Type           Power        Failure   Level  Hunger
 Confusing Touch          Hex            #.....       30%         1    ##.....
 Stone Arrow              Conj/Erth      #.....       34%         3    ####...
 Confuse                  Hex            #.......     65%         3    ####...
 Gell's Gravitas          Tloc           #.........   65%         3    ####...
 Lee's Rapid Deconstruct  Erth           ##........   78%         5    ######.
 Metabolic Englaciation   Hex/Ice        #.........   100%        5    ######.
 Yara's Violent Unravell  Hex/Tmut       #.........   100%        5    ######.


Dungeon Overview and Level Annotations

Branches:
Dungeon (6/15)             Temple (1/1) D:5

Altars:
Ashenzari
Cheibriados
Elyvilon
Fedhas
Gozag
Hepliaklqana
Kikubaaqudgha
Makhleb
Nemelex Xobeh
Okawaru
Qazlal
Ru
Sif Muna
Uskayaw
Vehumet
Wu Jian
Zin
The Shining One

Shops:
D:5 [

Annotations:
D:6 Menkaure


Innate Abilities, Weirdness & Mutations

You are too large for most types of armour.
You have claws for hands.
Your metabolism is lightning-fast.
You like to eat raw meat.
Your natural rate of healing is unusually fast.
You are covered in fur. (AC +1)
You have extremely tough skin. (AC +3)


Message History

The orc warrior hits you but does no damage.
You thump the orc warrior!
The orc warrior is heavily wounded.
The orc priest calls down the wrath of Beogh upon you.
Beogh smites you!
The orc warrior hits you with a +2 scimitar of electrocution.
You are electrocuted!!
The orc priest looks satisfied for a moment.
You climb upwards.
There is a stone staircase leading down here.
You barely miss the orc warrior.
The orc warrior is heavily wounded.
The orc warrior hits you with a +2 scimitar of electrocution!
You are electrocuted!
* * * LOW HITPOINT WARNING * * *
You fail to use your ability.
The orc warrior hits you with a +2 scimitar of electrocution!
* * * LOW HITPOINT WARNING * * *
You are electrocuted!!
You die...

# #.#.# #.##.....#....##...#
#####.#.###..##....#...##....##
..............##...#..##......###
##########.....##..#.##.........#
.# ##.....######........#.# .###
#......#...'........... ...##
########._.#######.##.. .>..#
#......#...#.......#### ....#
##.....@######.....<##..
....######.....o##.#..##.....##.#
...............##..#...##....##.#
..######.##...##...#....##..###.#
.## ###.##..##....#.....##.# #.#
######...##.##.....#......### #.#
.......>...##......#.......####.#
#####.....#.###..#####..###.##...
#.....#.# #.## #.## ##...#.


You could see an orc warrior.

Vanquished Creatures
  Edmund (D:5)
  A sky beast (D:5)
  3 ogres
  Blork the orc (D:6)
  A scorpion (D:4)
  A howler monkey (D:4)
  A hound (D:4)
  2 worker ants (D:5)
  An iguana (D:4)
  6 gnolls
  9 adders
  An adder skeleton (D:6)
  2 worms (D:2)
  2 dart slugs (D:1)
  2 leopard geckos
  10 orcs
  A giant cockroach (D:1)
  7 goblins
  5 hobgoblins
  2 jackals (D:5)
  9 kobolds
  2 quokkas
  A ball python (D:3)
  10 bats
  6 frilled lizards
  A jackal skeleton (D:5)
  7 rats
95 creatures vanquished.

Notes
Turn   | Place    | Note
-------+----------+-------------------------------------------
     0 | D:1      | Bronimir the Troll Earth Elementalist began the quest for
                  | the Orb.
     0 | D:1      | Reached XP level 1. HP: 16/16 MP: 1/1
   132 | D:1      | Reached XP level 2. HP: 24/24 MP: 3/3
   337 | D:1      | Reached skill level 1 in Unarmed Combat
   615 | D:1      | Reached XP level 3. HP: 31/31 MP: 4/4
  1039 | D:2      | Found a burning altar of Makhleb.
  1301 | D:2      | Reached XP level 4. HP: 39/39 MP: 5/5
  1556 | D:3      | Found a sparkling altar of Nemelex Xobeh.
  1680 | D:3      | Reached skill level 1 in Fighting
  1961 | D:3      | Reached XP level 5. HP: 45/48 MP: 4/6
  2552 | D:4      | Reached XP level 6. HP: 47/55 MP: 5/7
  2635 | D:4      | Learned a level 2 spell: Passwall
  2640 | D:4      | Learned a level 4 spell: Petrify
  2916 | D:4      | Reached XP level 7. HP: 60/63 MP: 8/8
  2950 | D:4      | Found an opulent altar of Gozag.
  2953 | D:4      | Found a white marble altar of Elyvilon.
  3095 | D:4      | Found a radiant altar of Vehumet.
  3192 | D:5      | Entered Level 5 of the Dungeon
  3192 | D:5      | Found a staircase to the Ecumenical Temple.
  3199 | Temple   | Entered the Ecumenical Temple
  3285 | Temple   | Became a worshipper of Ru the Awakened
  3382 | D:5      | Reached skill level 1 in Maces & Flails
  3402 | D:5      | Found a shattered altar of Ashenzari.
  3694 | D:5      | Found Guafituo's Antique Armour Shoppe.
  3699 | D:5      | Bought a brightly glowing robe for 125 gold pieces
  3709 | D:5      | Identified the +2 robe of the Beekeeper {+Blink rPois rF+}
                  | (You bought it in a shop on level 5 of the Dungeon)
  3727 | D:5      | Noticed Edmund
  3747 | D:5      | Killed Edmund
  4069 | D:6      | Noticed Blork the orc
  4076 | D:6      | Killed Blork the orc
  4221 | D:6      | Noticed Menkaure
  4258 | D:5      | Mangled by an orc warrior

Levels and vault maps discovered:
D:1:      dpeg_arrival_arbitrary_a, layout_basic
D:2:      wander_river, layout_basic, nicolae_overflow_crystal_walls,
          first_ration, minmay_misc_feat_pillars
D:3:      layout_loops_ring, lemuel_crystal_altar
D:4:      layout_cave_pools, grunt_temple_overflow_open
D:5:      layout_loops_ring, nicolae_ashenzari_panopticon,
          minmay_temple_entry_butterflies, serial_shops, kennysheep_little_box,
          uniq_edmund
D:6:      layout_gridville, uniq_blork_the_orc, uniq_menkaure
Temple:   nicolae_temple_hex_pool

Skill      XL: |  1  2  3  4  5  6  7 |
---------------+----------------------+-----
Earth Magic    | 3 4 |  4.4
Unarmed Combat | 1 2 3 4 |  4.8
Dodging        | 2 3 |  3.9
Fighting       | 1 2 |  2.3
Maces & Flails | 1 |  1.7
Stealth        | |  1.0
Spellcasting   | |  1.9
Transmutations | |  0.6

Action                   |  1- 3 |  4- 6 |  7- 9 || total
-------------------------+-------+-------+-------++-------
Melee: Unarmed           |   113 |   114 |    64 ||   291
       Giant spiked club |       |    10 |       ||    10
       Dire flail        |       |       |    13 ||    13
       Punch             |       |       |     1 ||     1
 Cast: Sandblast         |     3 |    17 |     7 ||    27
  Eat: Chunk             |    17 |    15 |    10 ||    42
Armor: Robe              |    51 |    57 |    20 ||   128
Dodge: Dodged            |    58 |    96 |    28 ||   182
